 Dungeon Crawl Stone Soup version 0.20-a0-1114-g33edf32 (webtiles) character file.

273 GEC the Ruffian (level 6, -4/52 HPs)
             Began as a Ghoul Monk on May 6, 2017.
             Slain by an orc
             ... wielding a +0 flail
              (9 damage)
             ... on level 3 of the Dungeon.
             The game lasted 00:17:01 (3388 turns).

GEC the Ruffian (Ghoul Monk)                        Turns: 3388, Time: 00:17:02

Health: -4/52      AC:  4    Str: 15    XL:     6   Next: 24%
Magic:  7/7        EV: 13    Int:  5    God:
Gold:   90         SH:  0    Dex: 13    Spells: 5/7 levels left

rFire    . . .     SeeInvis .     - Unarmed
rCold    + . .     Gourm    .   (no shield)
rNeg     + + +     Faith    .   n - +0 leather armour
rPois    ∞         Spirit   .   e - +0 helmet
rElec    .         Reflect  .   (no cloak)
rCorr    .         Harm     .   (no gloves)
MR       .....                  (no boots)
Stlth    ++........             (no amulet)
Regen    0.0/turn               (no ring)
MPRegen  0.1/turn               (no ring)

@: rotting
A: rotting body, claws 1, carnivore 3, cold resistance 1, negative energy
resistance 3, inhibited regeneration, torment resistance, unbreathing
a: no special abilities


You were on level 3 of the Dungeon.
You were not hungry.

You visited 1 branch of the dungeon, and saw 3 of its levels.

You collected 90 gold pieces.

Inventory:

Armour
 e - a +0 helmet (worn)
 n - a +0 leather armour (worn)
Scrolls
 g - 2 scrolls of enchant weapon
 m - a scroll of immolation {unknown}
 o - 2 scrolls of fear {unknown}
 p - 2 scrolls of remove curse
Potions
 a - 2 potions of magic {unknown}
 c - a potion of lignification {unknown}
 d - 2 potions of might
 f - 2 potions of agility
 h - a potion of brilliance {unknown}
 i - 2 potions of curing {unknown}
 k - 3 potions of flight {unknown}
Books
 j - a book of Minor Magic

   Spells                             Type                      Level
   a - Magic Dart                     Conjuration                  1
   b - Blink                          Translocation                2
   c - Call Imp                       Summoning                    2
   d - Slow                           Hexes                        2
   e - Conjure Flame                  Conjuration/Fire             3
   f - Mephitic Cloud                 Conjuration/Poison/Air       3
Comestibles
 b - a meat ration
 l - 6 chunks of flesh


   Skills:
 + Level 4.0 Fighting
 + Level 1.4 Armour
 + Level 3.5 Dodging
 + Level 2.7 Stealth
 + Level 4.8 Unarmed Combat
 * Level 1.4 Spellcasting
 * Level 1.5 Translocations


You had 5 spell levels left.
You knew the following spells:

 Your Spells              Type           Power        Failure   Level  Hunger
a - Blink                 Tloc           N/A          41%         2    ###....


Dungeon Overview and Level Annotations

Branches:
Dungeon (3/15)

Altars:
Elyvilon
Kikubaaqudgha


Innate Abilities, Weirdness & Mutations

Your body is rotting away.
You thrive on raw meat.
You are immune to poison.
You have sharp fingernails.
You are carnivorous and can eat meat at any time.
Your flesh is cold resistant. (rC+)
You are immune to negative energy. (rN+++)
You do not regenerate when monsters are visible.
You are immune to unholy pain and torment.
You can survive without breathing.


Message History

The orc priest is moderately wounded.
The orc hits you with a flail.
The orc priest hits you with a hand axe.
You barely miss the orc priest.
The orc priest is moderately wounded.
The orc hits you from afar with a trident!
* * * LOW HITPOINT WARNING * * *
The orc barely misses you. The orc priest barely misses you.
Unknown command.
The orc priest hits you with a hand axe.
* * * LOW HITPOINT WARNING * * *
The orc closely misses you. The orc priest barely misses you.
You claw the orc priest!
You kill the orc priest!
The orc hits you with a flail.
* * * LOW HITPOINT WARNING * * *
The orc hits you from afar with a trident.
* * * LOW HITPOINT WARNING * * *
The orc hits you with a flail!
You die...

#........## #.# #.####....#
#.# .. ##.#...# #.# ..
###.###..##.### ..#
#.#..###....... ##..#
#.....####....### #...#
###.#.........>..#######(#.#
#..#####<##.##..>........#
##..(.##.@..# #...#...
####).##.o.# #.###...
##.###o.#######§##....
#...o.....<..§§§.....
#(..##.##....§§######
#...##.##...#≈## #
#.#.##.##...§≈#
#..#.....#....≈#
#..###....#....≈#


You could see 2 orcs.

Vanquished Creatures
  A scorpion (D:3)
  An orc priest (D:3)
  An orc wizard (D:3)
  A worker ant (D:3)
  3 gnolls (D:3)
  5 adders
  A worm (D:2)
  A dart slug (D:3)
  A leopard gecko (D:1)
  11 orcs (D:3)
  5 bats
  2 giant cockroaches (D:2)
  3 goblins (D:2)
  4 hobgoblins
  6 jackals
  6 kobolds
  A quokka (D:3)
  A ball python (D:1)
  4 frilled lizards
  5 rats
63 creatures vanquished.

Vanquished Creatures (others)
  A human (D:2)
1 creature vanquished.

Grand Total: 64 creatures vanquished

Notes
Turn   | Place    | Note
-------+----------+-------------------------------------------
     0 | D:1      | GEC the Ghoul Monk began the quest for the Orb.
     0 | D:1      | Reached XP level 1. HP: 19/19 MP: 0/0
   151 | D:1      | Reached XP level 2. HP: 26/26 MP: 1/1
  1161 | D:2      | Reached XP level 3. HP: 31/31 MP: 2/2
  1217 | D:2      | Learned a level 2 spell: Blink
  1230 | D:2      | HP: 1/31 [gnoll/spear (4)]
  1794 | D:2      | Found an ancient bone altar of Kikubaaqudgha.
  1796 | D:2      | Noticed a human
  1798 | D:2      | Killed a human
  2254 | D:2      | Reached XP level 4. HP: 40/40 MP: 3/3
  2827 | D:3      | Reached skill level 1 in Translocations
  2827 | D:3      | Reached XP level 5. HP: 36/46 MP: 5/5
  2939 | D:3      | Reached skill level 1 in Armour
  2939 | D:3      | Reached skill level 1 in Spellcasting
  3102 | D:3      | Found a white marble altar of Elyvilon.
  3205 | D:3      | Reached XP level 6. HP: 26/52 MP: 5/7
  3388 | D:3      | Slain by an orc

Vault maps used:
D:1:      kennysheep_arrival_seaside
D:2:      tgw_kikubaaqudgha
D:3:      elyvilon_altar_3, lightli_temple_of_fire, first_bread

Skill      XL: |  1  2  3  4  5 |
---------------+----------------+-----
Dodging        | 3 |  3.5
Unarmed Combat | 4 |  4.8
Translocations | 1 |  1.5
Fighting       | 4 |  4.0
Armour         | 1 |  1.4
Spellcasting   | 1 |  1.4
Stealth        | |  2.7

Action                   |  1- 3 |  4- 6 || total
-------------------------+-------+-------++-------
Melee: Unarmed           |    96 |   145 ||   241
       Punch             |       |     2 ||     2
  Use: Scroll            |     5 |       ||     5
 Stab: Sleeping          |     2 |     2 ||     4
  Eat: Chunk             |    11 |    11 ||    22
Armor: Robe              |    19 |       ||    19
       Leather armour    |     1 |    31 ||    32
Dodge: Dodged            |    66 |    88 ||   154
